 Dungeon Crawl Stone Soup version 0.26-a0-540-g8a0c9464d7 (webtiles) character file.

Game seed: 11189779881581778220

21 vurker the Sneak (level 3, 0/30 HPs)
             Began as a Formicid Delver on Aug 24, 2020.
             Succumbed to a scorpion's poison
             ... on level 5 of the Dungeon.
             The game lasted 00:01:00 (193 turns).

vurker the Sneak (Formicid Delver)                   Turns: 193, Time: 00:01:00

Health: 0/30       AC:  4    Str: 17    XL:     3   Next: 5%
Magic:  3/3        EV:  7    Int:  9    God:
Gold:   37         SH: 11    Dex: 12    Spells: 2/2 levels left

rFire    . . .     SeeInvis +   a - +0 hand axe
rCold    . . .     Faith    .   g - +0 tower shield
rNeg     . . .     Spirit   .   b - +0 leather armour
rPois    .         Reflect  .   (helmet unavailable)
rElec    .         Harm     .   (no cloak)
rCorr    .                      (no gloves)
MR       .....                  f - +0 pair of boots
Stlth    +++.......             (no amulet)
HPRegen  0.10/turn              (no ring)
MPRegen  0.08/turn              (no ring)

@: lethally poisoned (0 -> -2)
A: permanent stasis, dig shafts and tunnels, four strong arms, antennae 3
a: Dig, Shaft Self


You were on level 5 of the Dungeon.
You visited 1 branch of the dungeon, and saw 2 of its levels.

You collected 37 gold pieces.

Inventory:

Hand Weapons
 a - a +0 hand axe (weapon)
Armour
 b - a +0 leather armour (worn)
 f - a +0 pair of boots (worn)
   (You found it on level 4 of the Dungeon)
 g - a +0 tower shield (worn)
   (You found it on level 4 of the Dungeon)
Wands
 v - a wand of digging (3)
Scrolls
 c - a scroll of fog
 d - a scroll of magic mapping
 e - a scroll of fear
 h - a scroll of noise {unknown}
 i - a scroll of remove curse {unknown}


   Skills:
 + Level 3.6 Fighting
 * Level 2.8 Axes
 - Level 1.7 Dodging
 - Level 6.0 Stealth
 + Level 0.6 Shields


You had 2 spell levels left.
You didn't know any spells.
Your spell library was empty.

Dungeon Overview and Level Annotations

Branches:
Dungeon (5/15)
 Temple: D:4-7

Altars:


Innate Abilities, Weirdness & Mutations

You cannot be hasted, slowed, berserked, paralysed or teleported.
You can dig through walls and to a lower floor.
Your four strong arms can wield two-handed weapons with a shield.
You have a pair of large antennae on your head. (SInv)


Message History

The hound skeleton barely misses you. The hound skeleton bites you.
You hit the hound skeleton. You block the hound skeleton's attack.
The hound skeleton bites you.
You hit the hound skeleton.
The hound skeleton bites you but does no damage.
You block the hound skeleton's attack.
You slash the hound skeleton!
Your shield prevents you from hitting the scorpion.
The scorpion barely misses you. You block the hound skeleton's attack.
The scorpion barely misses you.
You hit the hound skeleton.
You destroy the hound skeleton!
You have reached level 3!
Your experience leads to an increase in your attributes!
Increase (S)trength, (I)ntelligence, or (D)exterity?
You feel stronger.
You closely miss the scorpion. The scorpion stings you.
You are poisoned.
The scorpion poisons you!
You feel sick.
You feel sick. You block the scorpion's attack.
You feel sick.
You feel sick.
You feel sick.
You extend your mandibles.
You dig through the rock wall.
You feel sick.
You dig through the rock wall.
You feel sick.
Are you sure you want to shaft yourself?
You block the scorpion's attack.
You begin to dig a shaft.
You continue digging a shaft.
You feel sick. The scorpion stings you.
* * * LOW HITPOINT WARNING * * *
A shaft appears beneath you!
You fall into a shaft and drop 1 floor!
The shaft crumbles and collapses.
Found a scroll labeled MOOCIZ TAUMYN.
You retract your mandibles.
* * * LOW HITPOINT WARNING * * *
You feel sick.
You aren't carrying any potions.
You see here a scroll labeled MOOCIZ TAUMYN.
Unknown command.
i - a scroll labeled MOOCIZ TAUMYN
* * * LOW HITPOINT WARNING * * *
You feel sick.
* * * LOW HITPOINT WARNING * * *
You feel sick.
* * * LOW HITPOINT WARNING * * *
You feel sick.
You die...

##.####..##....
#... ........#
#..# #..#...##
#..####.......#
#........#...##.
#.######........
#.# ####.####
#.# # #@# #.#
#.# #.# ... ...
... ##.##


There were no monsters in sight!

Vanquished Creatures
  A hound skeleton (D:4)
  An adder (D:4)
2 creatures vanquished.

Notes
Turn   | Place    | Note
-------+----------+-------------------------------------------
     0 | D:5      | vurker the Formicid Delver began the quest for the Orb.
     0 | D:5      | Reached XP level 1. HP: 18/18 MP: 1/1
   127 | D:4      | Reached XP level 2. HP: 4/24 MP: 2/2
   133 | D:4      | HP: 1/24 [poisoned by an adder]
   162 | D:4      | Noticed a scorpion
   169 | D:4      | Reached XP level 3. HP: 18/30 MP: 3/3
   180 | D:4      | You fall into a shaft and drop 1 floor!
   185 | D:5      | HP: 1/30 [poisoned by a scorpion]
   193 | D:5      | Succumbed to a scorpion's poison

Illustrated notes

Levels and vault maps discovered:
D:4:      layout_rooms, kennysheep_little_box, serial_shops,
          kennysheep_mini_moat, serial_glass, glass_columns_b, glass_columns_a,
          due_unseen_surprise, minmay_strange_pillars, item_on_display_a,
          item_on_display_a, chequers_serial_rivers_room_b, st_stairs_1,
          uniq_sigmund, uniq_ijyb
D:5:      layout_loops_corners, riverfiend_overflow_shadow_ancestor,
          led_sif_pool, minmay_temple_entry_overgrown, serial_shops,
          kennysheep_mini

Action                   || total
-------------------------++-------
Melee: Hand axe          ||    14
 Abil: Dig               ||     1
       Shaft Self        ||     1
  Use: Potion            ||     2
Armor: Leather armour    ||     2
Dodge: Dodged            ||    11
Block: Tower shield      ||     8

Table legend: (Time is in decaauts)
 A = Elapsed time spent in this place.
 B = Non-inter-level travel time spent in this place.
 C = Inter-level travel time spent in this place.
 D = Time resting spent in this place.
 E = Time spent auto-exploring this place.
 F = Levels seen in this place.
 G = Mean time per level.
                   A        B        C        D        E       F      G
               +--------+--------+--------+--------+--------+-----+--------+
         Total |    197 |    185 |     12 |      0 |     66 |   2 |   98.5 |
       Dungeon |    197 |    185 |     12 |      0 |     66 |   2 |   98.5 |
               +--------+--------+--------+--------+--------+-----+--------+

Top non-repeatable levels by time:
     D:4: 99 daAuts
     D:5: 98 daAuts
